 Dungeon Crawl Stone Soup version 0.21.1-1-g345015fe64 (webtiles) character file.

84 Lavandula the Magician (level 4, 0/30 HPs)
             Began as a Barachi Earth Elementalist on July 24, 2018.
             Succumbed to Robin's poison
             ... on level 1 of the Dungeon.
             The game lasted 00:03:30 (489 turns).

Lavandula the Magician (Barachi Earth Elementalist)  Turns: 489, Time: 00:03:31

Health: 0/30       AC:  2    Str: 14 (15) XL:     4   Next: 46%
Magic:  2/10       EV: 12    Int: 18 (21) God:
Gold:   36         SH:  0    Dex: 14 (16) Spells: 11/12 levels left

rFire    . . .     SeeInvis .   h - +2 dagger (venom)
rCold    . . .     Gourm    .   (no shield)
rNeg     + . .     Faith    .   c - +0 robe
rPois    .         Spirit   .   (no helmet)
rElec    .         Reflect  .   (no cloak)
rCorr    .         Harm     .   (no gloves)
MR       .....                  (no boots)
Stlth    ++........             (no amulet)
HPRegen  0.10/turn              j - +4 ring of dexterity
MPRegen  0.12/turn              k - ring of positive energy

@: mighty, brilliant, lethally poisoned (0 -> -1), slow
A: +LOS, swims, slowness 1, strong legs 1
a: Hop


You were on level 1 of the Dungeon.
You were not hungry.

You visited 1 branch of the dungeon, and saw 2 of its levels.

You collected 36 gold pieces.

Inventory:

Hand Weapons
 h - a +2 dagger of venom (weapon)
Missiles
 b - 49 stones (quivered)
Armour
 c - a +0 robe (worn)
Jewellery
 j - a +4 ring of dexterity (left hand)
 k - a ring of positive energy (right hand)
Scrolls
 a - a scroll of random uselessness {unknown}
 f - a scroll of identify {unknown}
 l - a scroll of remove curse {unknown}
Books
 e - a book of Geomancy

   Spells                             Type                      Level
   a - Sandblast                      Earth                        1
   b - Passwall                       Transmutation/Earth          2
   c - Stone Arrow                    Conjuration/Earth            3
   d - Petrify                        Transmutation/Earth          4
   e - Lee's Rapid Deconstruction     Earth                        5
Comestibles
 d - 4 rations


   Skills:
 - Level 2.1 Dodging
 - Level 1.7 Stealth
 + Level 4.7 Spellcasting
   Level 1.1 Transmutations
 - Level 3.0 Earth Magic


You had 11 spell levels left.
You knew the following spells:

 Your Spells              Type           Power        Failure   Level  Hunger
a - Sandblast             Erth           ####..       1%          1    None


Dungeon Overview and Level Annotations

Branches:
Dungeon (2/15)

Altars:


Innate Abilities, Weirdness & Mutations

Shadows flee at your approach. (+LOS)
You can swim through water.
You cover ground slowly.
You can hop short distances.


Message History

b - 50 stones
* * * LOW HITPOINT WARNING * * *
You feel sick. The bat closely misses you.
Casting: Sandblast
Confirm with . or Enter, or press ? or * to list all spells.
Aiming: Sandblast
Press: ? - help, Shift-Dir - straight line, f/p - bat
Aim: a bat The blast of sand hits the bat.
You kill the bat!
b - 49 stones You are ready to hop once more.
* * * LOW HITPOINT WARNING * * *
You feel sick.
You see here a fizzy golden potion.
It was a potion of degeneration.
There was something very wrong with that liquid.
You feel weakened.
You feel dopey.
You feel clumsy.
There is a lethal amount of poison in your body!
You die...

#########
#.......#
#.......#
#.......#
#.......##########
+......(..†.†>)..#
#.....†...######.#
#..@....#.#
#.......#.#
#######.#.. #.####
w.# ..# ..# ....
..


There were no monsters in sight!

Vanquished Creatures
  Robin (D:2)
  4 adders (D:2)
  2 dart slugs
  3 ball pythons
  2 giant cockroaches (D:2)
  4 hobgoblins
  A kobold (D:1)
  A quokka (D:2)
  2 bats
  A frilled lizard (D:1)
  7 goblins
  A leopard gecko zombie (D:2)
  6 rats
35 creatures vanquished.

Notes
Turn   | Place    | Note
-------+----------+-------------------------------------------
     0 | D:1      | Lavandula the Barachi Earth Elementalist began the quest for the Orb.
     0 | D:1      | Reached XP level 1. HP: 13/13 MP: 3/3
   124 | D:2      | Reached skill level 3 in Spellcasting
   124 | D:2      | Reached XP level 2. HP: 19/19 MP: 1/6
   208 | D:2      | Reached XP level 3. HP: 24/24 MP: 2/8
   313 | D:2      | Reached skill level 4 in Spellcasting
   349 | D:1      | Reached XP level 4. HP: 30/30 MP: 0/10
   446 | D:2      | Noticed Robin
   460 | D:2      | Killed Robin
   486 | D:1      | HP: 1/30 [poisoned by Robin]
   489 | D:1      | Succumbed to Robin's poison

Skill      XL: |  1  2  3 |
---------------+----------+-----
Spellcasting   | 3 4 |  4.7
Dodging        | |  2.1
Stealth        | |  1.7
Transmutations | |  1.1
Earth Magic    | |  3.0

Action                   |  1- 3 |  4- 6 || total
-------------------------+-------+-------++-------
Melee: Unarmed           |     2 |       ||     2
       Dagger            |       |    11 ||    11
 Cast: Sandblast         |    32 |    15 ||    47
 Abil: Hop               |     1 |     1 ||     2
  Use: Potion            |       |     3 ||     3
Armor: Robe              |     6 |     2 ||     8
Dodge: Dodged            |    18 |    11 ||    29
